Map: 2000 Atmospheres LE

Players

HeroMarine - Winner!

  • Race: Terran Terran

Zoun

  • Race: Protoss Protoss

Event: IEM Katowice 2022

VOD

Have the link to the VOD?

Description

Time

  • Played on: Feb. 26, 2022, 6:48 a.m.
  • Length: 9:08

All games in this series

Show
View Real Time Build Order
Export as new Build Order

HeroMarine Terran - Winner!

Build Orders: Reaper Expand 

Get SALT Encoding   

  12  0:00  SCV  
  13  0:12  SCV  
  14  0:17  Supply Depot  
  14  0:24  SCV  
  15  0:38  SCV  
  15  0:39  Barracks  
  16  0:43  Refinery  
  16  0:50  SCV  
  17  1:03  SCV  
  18  1:15  SCV  
  19  1:26  Reaper  
  19  1:27  Orbital Command  
  20  1:42  Command Center  
  20  1:48  Supply Depot  
  20  1:52  SCV  
  21  1:58  Barracks Reactor  
  21  2:04  SCV  
  22  2:16  SCV  
  23  2:23  Command Center  
  23  2:29  SCV  
  24  2:34  Marine x2  
  26  2:41  SCV  
  26  2:42  Barracks  
  27  2:52  Marine x2  
  27  2:57  Orbital Command  
  27  2:58  SCV  
  30  3:08  Barracks  
  30  3:10  SCV  
  30  3:12  Marine  
  32  3:13  Marine  
  33  3:22  SCV  
  33  3:23  SCV  
  35  3:30  Marine, Barracks Tech Lab  
  35  3:31  Marine  
  37  3:34  SCV  
  37  3:35  SCV  
  37  3:36  Orbital Command  
  39  3:46  SCV  
  39  3:47  SCV, Marine  
  42  3:49  Marine  
  42  3:52  Stimpack  
  42  3:53  Marine  
  44  3:56  Barracks Tech Lab  
  44  3:58  SCV  
  44  3:59  SCV, Engineering Bay  
  44  4:02  SCV  
  47  4:05  Marine  
  47  4:07  Marine  
  49  4:10  Marine  
  49  4:11  SCV x2  
  49  4:13  Supply Depot  
  49  4:14  SCV, Combat Shield  
  49  4:16  Marine  
  54  4:20  Supply Depot  
  54  4:23  SCV x2, Marine  
  57  4:26  Marine, SCV  
  57  4:27  Refinery  
  57  4:28  Marine  
  57  4:29  Terran Infantry Weapons Level 1  
  60  4:34  Marine  
  62  4:38  SCV  
  62  4:39  SCV, Missile Turret  
  62  4:41  Marine  
  62  4:42  SCV  
  62  4:44  Marine  
  66  4:46  Marine  
  66  4:47  Refinery  
  66  4:49  Missile Turret  
  66  4:51  Refinery, SCV x2  
  66  4:52  Marine  
  70  4:57  Factory  
  70  4:58  SCV  
  69  5:00  Marine  
  69  5:01  Marine  
  69  5:03  SCV x2  
  70  5:10  SCV  
  70  5:12  Marine x2  
  73  5:15  SCV x2  
  73  5:19  Supply Depot  
  73  5:20  Orbital Command  
  73  5:21  Supply Depot  
  75  5:24  Marine  
  75  5:25  Marine  
  75  5:26  Barracks  
  75  5:28  Barracks  
  77  5:33  Supply Depot  
  77  5:41  Marauder x2, Starport  
  77  5:42  Factory Reactor  
  81  5:43  SCV x2  
  82  5:51  SCV  
  82  5:56  Marine x2  
  73  6:02  SCV x2, Marauder x2  
  73  6:03  SCV  
  74  6:14  SCV x2, Marine x2  
  74  6:16  SCV  
  74  6:17  Barracks Reactor  
  74  6:18  Barracks Tech Lab  
  77  6:24  Marauder x2  
  77  6:25  Medivac x2  
  83  6:26  SCV x2  
  83  6:28  SCV, Refinery  
  83  6:30  Supply Depot  
  83  6:31  Factory Tech Lab  
  83  6:32  Marine  
  87  6:33  Marine  
  87  6:34  Refinery  
  87  6:38  SCV x2  
  92  6:40  SCV  
  92  6:45  Marauder x2  
  97  6:47  Supply Depot x2  
  97  6:49  Siege Tank  
  97  6:52  Terran Infantry Armor Level 1  
  97  6:53  Supply Depot  
  100  6:54  Marine x3  
  100  6:57  Medivac x2  
  108  7:09  Marauder x3  
  108  7:10  Marine  
  108  7:12  Marine, Supply Depot x2  
  113  7:21  Siege Tank  
  116  7:24  Marine  
  116  7:25  Marine  
  116  7:27  Viking x2  
  122  7:31  Marauder x3  
  122  7:32  Concussive Shells  
  122  7:33  Marine x2  
  130  7:44  SCV x3, Marine  
  130  7:45  Marine  
  130  7:50  Marine  
  136  7:52  Marauder x2  
  136  7:53  Siege Tank, Supply Depot  
  136  7:54  Marauder, Supply Depot  
  136  7:55  Marine  
  136  7:57  Viking  
  148  8:13  Marine  
  148  8:15  Marine x3, Viking, Marauder x2  
  148  8:16  Marauder  
  148  8:19  Supply Depot  
  160  8:20  Supply Depot  
  160  8:26  Siege Tank  
  160  8:27  Viking, Ghost Academy, Supply Depot  
  163  8:31  Marine  
  163  8:33  Marine x3  
  169  8:37  Marauder x2  
  175  8:41  Marauder  
  172  8:49  Marine  
  172  8:50  Marine  
Show
View Real Time Build Order
Export as new Build Order

Zoun Protoss 

Build Orders: 1 Gate Expand, Oracle Opening, Phoenix Opening 

Get SALT Encoding   

  12  0:00  Probe  
  13  0:12  Probe  
  14  0:17  Pylon  
  14  0:24  Probe (Chrono Boost)  
  16  0:36  Gateway, Probe (Chrono Boost)  
  16  0:43  Probe (Chrono Boost)  
  16  0:45  Assimilator  
  17  0:51  Probe  
  18  1:03  Probe  
  19  1:15  Probe  
  20  1:23  Cybernetics Core  
  20  1:32  Nexus  
  20  1:35  Probe  
  21  1:44  Pylon  
  21  1:47  Probe  
  21  1:50  Assimilator  
  22  1:59  Probe, Adept (Chrono Boost)  
  23  2:08  Shield Battery  
  25  2:11  Probe  
  26  2:21  Stargate  
  26  2:26  Adept  
  26  2:28  Probe (Chrono Boost)  
  29  2:33  Warp Gate  
  29  2:41  Probe (Chrono Boost)  
  30  2:48  Probe (Chrono Boost)  
  30  2:50  Probe (Chrono Boost)  
  32  2:55  Probe (Chrono Boost)  
  32  2:57  Probe (Chrono Boost)  
  34  3:00  Probe (Chrono Boost)  
  34  3:04  Phoenix  
  37  3:07  Probe  
  37  3:09  Adept  
  37  3:12  Probe  
  41  3:19  Probe  
  42  3:24  Probe, Pylon  
  43  3:31  Gateway, Probe  
  44  3:36  Probe  
  45  3:43  Probe  
  49  3:48  Probe  
  49  3:54  Oracle (Chrono Boost)  
  47  3:55  Probe  
  47  4:00  Probe  
  52  4:03  Nexus  
  52  4:05  Pylon  
  52  4:07  Probe  
  53  4:11  Assimilator  
  53  4:13  Assimilator  
  53  4:15  Robotics Facility  
  53  4:16  Probe  
  54  4:23  Probe, Pylon  
  55  4:28  Probe  
  56  4:35  Probe  
  57  4:40  Probe  
  58  4:47  Probe  
  58  4:48  Gateway  
  58  4:49  Gateway  
  58  4:50  Zealot, Sentry  
  63  4:54  Probe  
  63  4:59  Probe  
  65  5:06  Probe  
  65  5:10  Robotics Bay  
  65  5:11  Twilight Council, Probe  
  65  5:12  Immortal (Chrono Boost)  
  67  5:16  Stalker x2  
  67  5:19  Shield Battery  
  74  5:24  Probe  
  74  5:25  Probe, Shield Battery  
  74  5:26  Probe  
  77  5:31  Pylon  
  77  5:36  Probe  
  77  5:37  Probe  
  77  5:39  Sentry  
  77  5:42  Stalker  
  83  5:44  Observer (Chrono Boost)  
  83  5:46  Probe  
  83  5:49  Probe  
  86  5:52  Stalker x2  
  86  5:55  Probe  
  78  5:58  Probe  
  78  6:02  Colossus (Chrono Boost), Stalker  
  78  6:03  Probe  
  78  6:06  Stalker  
  78  6:08  Probe  
  85  6:12  Shield Battery  
  85  6:16  Extended Thermal Lance  
  85  6:18  Charge (Chrono Boost)  
  85  6:22  Probe x2  
  87  6:26  Zealot  
  87  6:28  Assimilator  
  87  6:29  Assimilator  
  87  6:32  Zealot, Sentry  
  93  6:35  Pylon  
  93  6:36  Pylon  
  93  6:50  Colossus (Chrono Boost)  
  93  6:53  Probe x2  
  101  6:54  Nexus, Probe  
  102  7:05  Probe x2  
  102  7:06  Probe  
  105  7:12  Gateway  
  105  7:13  Gateway, Pylon  
  105  7:15  Gateway  
  105  7:16  Gateway  
  105  7:18  Probe x2  
  105  7:20  Probe  
  108  7:27  Pylon  
  108  7:28  Pylon  
  108  7:30  Probe  
  109  7:37  Forge  
  109  7:38  Pylon  
  109  7:39  Pylon  
  109  7:41  Forge  
  109  7:44  Void Ray (Chrono Boost), Pylon  
  109  7:45  Probe x2  
  109  7:46  Zealot  
  109  7:47  Zealot  
  115  7:52  Shield Battery  
  119  8:03  Zealot x2  
  123  8:06  Stalker x2  
  123  8:07  Stalker  
  123  8:12  Zealot x3  
  135  8:22  Templar Archives  
  135  8:24  Probe x2  
  137  8:27  Probe  
  137  8:32  Sentry  
  140  8:35  Zealot x4  
  144  8:42  Stalker x2  
  136  8:49  Zealot  
  117  8:57  Zealot x2  
  104  9:04  Zealot x3  

Tags
 
Add a new tag
Caveats
  • Supply blocks, unpowered buildings, or Contaminate may cause inaccurate times.
  • Supply counts are checked every 10 seconds.